[Event "Titled Tuesday Blitz September 27 Early 2022"]
[White "Weetik, Vjacheslav"]
[Black "Suleymanli, Suleyman"]
[WhiteFideId "4153472"]
[BlackFideId "13416375"]
[WhiteElo "2469"]
[BlackElo "1652"]
[Result "1/2-1/2"]
[Round "06"]
[TimeControl "180+1"]
[Date "2022.09.27"]
[WhiteClock "0:00:09"]
[BlackClock "0:00:12"]

1. d4 d5 2. Bf4 Nf6 3. e3 Bf5 4. c4 e6 5. Nc3 Nc6 6. a3 Bd6 7. Bg5 Be7 8. Bxf6 Bxf6 9. cxd5 exd5 10. Qb3 O-O 11. Qxd5 Bd7 12. Nf3 Re8 13. Bc4 Qe7 14. Ba2 Be6 15. Qc5 Bxa2 16. Qxe7 Rxe7 17. Rxa2 Nxd4 18. Nd5 Nxf3+ 19. gxf3 Rd7 20. Nxf6+ gxf6 21. Ke2 Rad8 22. b4 Rd3 23. Rc1 c6 24. f4 Rb3 25. Rc5 Rdd3 26. Ra5 a6 27. Kf3 Kf8 28. Ra1 Ke7 29. h4 h6 30. Ra2 Ke6 31. Ke4 Rdc3 32. Kf3 f5 33. Re5+ Kf6 34. Ra5 Rd3 35. h5 Rdc3 36. Kg3 Rd3 37. Kf3 Rd5 38. Rxd5 cxd5 39. Rd2 Ke6 40. Ra2 d4 41. Ke2 d3+ 42. Kd2 Kd5 43. f3 Kc4 44. e4 fxe4 45. fxe4 Kd4 46. e5 Ke4 47. Ra1 Kxf4 48. Rf1+ Kxe5 49. Rxf7 Rxa3 50. Rxb7 Kd4 51. Rd7+ Kc4 52. Rc7+ Kxb4 53. Rh7 Kc4 54. Rxh6 Ra2+ 55. Ke3 Re2+ 56. Kf3 Rh2 57. Rc6+ Kb3 58. Rb6+ Kc2 59. Rc6+ Kd1 60. h6 d2 61. Rxa6 Ke1 62. Re6+ Kd1 63. Rd6 Rh1 64. Kg4 Ke2 65. Rxd2+ Kxd2 66. Kg5 Ke3 67. Kg6 Ke4 68. h7 Ke5 69. Kg7 Rg1+ 70. Kf7 Rf1+ 71. Kg7 Rg1+ 72. Kf7 Rh1 73. Kg7 Rg1+ 1/2-1/2


[Site "https://www.chess.com"]

[Event "Titled Tuesday Blitz September 27 Early 2022"]
[White "White, John S."]
[Black "Ovezdurdyyeva, Jemal"]
[WhiteFideId "2502348"]
[BlackFideId "14001888"]
[WhiteElo "1892"]
[BlackElo "1946"]
[Result "0-1"]
[Round "06"]
[TimeControl "180+1"]
[Date "2022.09.27"]
[WhiteClock "0:00:02"]
[BlackClock "0:00:08"]

1. e4 d6 2. d4 Nf6 3. Nc3 g6 4. Bc4 c6 5. Nf3 b6 6. O-O b5 7. Bd3 Bg7 8. e5 dxe5 9. dxe5 Nd5 10. Be4 Bb7 11. Bxd5 cxd5 12. Nxb5 O-O 13. Re1 a6 14. Nc3 Nc6 15. Be3 e6 16. Bd4 Rc8 17. Na4 Nxd4 18. Nxd4 Rc4 19. c3 Qa5 20. b3 Rcc8 21. b4 Qc7 22. Nc5 Bxe5 23. Rxe5 Qxe5 24. Nxb7 Rxc3 25. Nc5 Rc4 26. Ndb3 Qf6 27. a3 Rc8 28. Rc1 Rf4 29. Qe2 e5 30. f3 e4 31. fxe4 dxe4 32. Qxa6 Qf5 33. Qe2 Rd8 34. a4 e3 35. Qxe3 Rxb4 36. Rf1 Qd5 37. a5 Rdb8 38. a6 Rxb3 39. Nxb3 Rxb3 40. Qe8+ Kg7 41. a7 Ra3 42. a8=Q Rxa8 43. Qe3 Rd8 44. Qf3 Qc4 45. Qe3 Rd3 46. Qe5+ Kg8 47. Qe8+ Kg7 48. Qe5+ Kh6 0-1


[Site "https://www.chess.com"]

[Event "Titled Tuesday Blitz September 27 Early 2022"]
[White "Wirig, Anthony"]
[Black "Koziorowicz, Michal"]
[WhiteFideId "615013"]
[BlackFideId "21809194"]
[WhiteElo "2474"]
[BlackElo "2220"]
[Result "1-0"]
[Round "06"]
[TimeControl "180+1"]
[Date "2022.09.27"]
[WhiteClock "0:00:10"]
[BlackClock "0:00:09"]

1. d4 Nf6 2. Bg5 e6 3. e3 Be7 4. Nd2 b6 5. Qf3 Nc6 6. c3 Bb7 7. Qh3 h6 8. Ngf3 d6 9. Bb5 a6 10. Bd3 Qd7 11. a4 O-O-O 12. Bxf6 Bxf6 13. b4 Ne7 14. a5 b5 15. c4 c6 16. Rc1 Kb8 17. c5 d5 18. Ne5 Qe8 19. f4 g6 20. O-O Bc8 21. Qf3 Kb7 22. Qe2 Bg7 23. Nb1 f6 24. Nf3 h5 25. Nc3 Nf5 26. Rcd1 e5 27. fxe5 fxe5 28. Bxf5 Bxf5 29. dxe5 Bxe5 30. Nxe5 Qxe5 31. Qd2 Rhe8 32. Rfe1 Bg4 33. Rc1 Qg5 34. Qd4 Re5 35. Rc2 Rde8 36. Rf2 R8e7 37. Ref1 Qxe3 38. Qxe3 Rxe3 39. Nb1 Re1 40. Nd2 Rxf1+ 41. Kxf1 Re3 42. h3 Bf5 43. g4 hxg4 44. hxg4 Bxg4 45. Rf7+ Kb8 46. Rf6 Bf5 47. Rxc6 Kb7 48. Rb6+ Ka7 49. c6 Rd3 50. Ke2 Rd4 51. Nf3 Rxb4 52. Ke3 d4+ 53. Nxd4 Rc4 54. Rb7+ Ka8 55. Rb6 Ka7 56. Nf3 b4 57. Nd4 Bc8 58. Kd3 Rc3+ 59. Ke4 Rc4 60. Kd5 Rc1 61. Rxb4 g5 62. Rb6 g4 63. c7 Rxc7 64. Nc6+ Rxc6 65. Kxc6 g3 66. Rb3 g2 67. Rg3 Bb7+ 68. Kd6 Kb8 69. Rg7 Ka7 70. Kc7 Ka8 71. Kb6 Kb8 72. Rg8+ Bc8 73. Rxg2 Bb7 74. Rg8+ Bc8 75. Rh8 Ka8 76. Rxc8# 1-0


[Site "https://www.chess.com"]

[Event "Titled Tuesday Blitz September 27 Early 2022"]
[White "Wojtaszek, Radoslaw"]
[Black "Ibrahimli, Murad"]
[WhiteFideId "1118358"]
[BlackFideId "13410229"]
[WhiteElo "2606"]
[BlackElo "2109"]
[Result "1-0"]
[Round "06"]
[TimeControl "180+1"]
[Date "2022.09.27"]
[WhiteClock "0:00:15"]
[BlackClock "0:00:04"]

1. e4 c5 2. Nf3 d6 3. Bb5+ Bd7 4. Bxd7+ Qxd7 5. c4 Nf6 6. Nc3 Nc6 7. O-O g6 8. d4 cxd4 9. Nxd4 Bg7 10. Nde2 O-O 11. f3 a6 12. Be3 Ne5 13. b3 b5 14. cxb5 axb5 15. Nd4 b4 16. Na4 Qb7 17. h3 Rfc8 18. Qe2 Nfd7 19. Qb5 Qxb5 20. Nxb5 Nc4 21. Bd4 Bxd4+ 22. Nxd4 Ncb6 23. Nxb6 Nxb6 24. Rf2 Rc5 25. Nc2 Rb5 26. Kf1 Nd7 27. Rd2 Nc5 28. Rd4 Rba5 29. Rxb4 Rxa2 30. Rxa2 Rxa2 31. Ne3 Rb2 32. Rb8+ Kg7 33. b4 Nd3 34. b5 Rf2+ 35. Kg1 Re2 36. Nd5 e6 37. Nc7 Nf4 38. Ne8+ Kh6 39. Nxd6 Kg5 40. g3 Rg2+ 41. Kf1 Rxg3 42. b6 Rxf3+ 43. Ke1 Re3+ 44. Kf2 Rb3 45. b7 Nd3+ 46. Ke3 Nc5+ 47. Kd4 Nxb7 48. Rxb7 Rxb7 49. Nxb7 f5 50. e5 f4 51. Ke4 f3 52. Kxf3 Kf5 53. Nc5 Kxe5 54. Kg4 h6 55. Nd7+ Kd4 56. Nf8 e5 57. Nxg6 e4 58. Nf4 e3 59. Kf3 h5 60. Nxh5 Ke5 61. Kxe3 Kf5 62. Nf4 Kg5 63. Kf3 Kh4 64. Kg2 Kg5 65. Kg3 Kf5 66. h4 1-0


[Site "https://www.chess.com"]

[Event "Titled Tuesday Blitz September 27 Early 2022"]
[White "Xiong, Jeffery"]
[Black "Sanchez Alvares, Kelvin Antonio"]
[WhiteFideId "2047640"]
[BlackFideId "3906680"]
[WhiteElo "2714"]
[BlackElo "2189"]
[Result "1-0"]
[Round "06"]
[TimeControl "180+1"]
[Date "2022.09.27"]
[WhiteClock "0:01:28"]
[BlackClock "0:00:08"]

1. b4 d6 2. Bb2 e5 3. e3 Nf6 4. a3 Nbd7 5. Bc4 g6 6. Ne2 Bg7 7. O-O O-O 8. f4 exf4 9. Nxf4 c6 10. Bb3 Qe7 11. Nc3 Ne5 12. Qe1 Bf5 13. e4 Bc8 14. d4 Ned7 15. Qh4 Nd5 16. Qxe7 Bxd4+ 17. Kh1 Nxe7 18. Rad1 Be5 19. Nd3 Nb6 20. Nxe5 dxe5 21. Nb1 Bg4 22. Rd6 Be2 23. Re1 Bc4 24. Bxe5 Bxb3 25. cxb3 Rfd8 26. Nc3 Rxd6 27. Bxd6 Kf8 28. Kg1 Ke8 29. Kf2 Rd8 30. e5 Nbc8 31. Ne4 Nd5 32. Kf3 f5 33. Nc5 b6 34. Ne6 Rd7 35. Nd4 Nxd6 36. exd6+ Kf7 37. Nxc6 Rxd6 38. Nxa7 Nf6 39. Nc8 Rc6 40. Na7 Rd6 41. Nb5 Rd5 42. Nc3 Rd4 43. Rd1 Rh4 44. h3 Ne4 45. Nxe4 Rxe4 46. Rd6 b5 47. Rd5 Kf6 48. Rxb5 g5 49. g4 Rf4+ 50. Kg3 fxg4 51. hxg4 Rd4 52. Rf5+ Kg6 53. Rf3 h5 54. gxh5+ Kxh5 55. b5 Rg4+ 56. Kf2 Rd4 57. Rc3 Kh4 58. Rc4 1-0


[Site "https://www.chess.com"]

[Event "Titled Tuesday Blitz September 27 Early 2022"]
[White "Xu, Yi"]
[Black "Jeet, Jain"]
[WhiteFideId "8605564"]
[BlackFideId "5073022"]
[WhiteElo "2471"]
[BlackElo "2055"]
[Result "1-0"]
[Round "06"]
[TimeControl "180+1"]
[Date "2022.09.27"]
[WhiteClock "0:00:23"]
[BlackClock "0:00:16"]

1. Nf3 c5 2. e4 g6 3. c3 Bg7 4. d4 cxd4 5. cxd4 d5 6. e5 Bg4 7. Bb5+ Nc6 8. O-O Bxf3 9. Qxf3 e6 10. Bxc6+ bxc6 11. Nc3 Ne7 12. Bg5 Rb8 13. b3 c5 14. Qd3 h6 15. Bf6 Bxf6 16. exf6 Nf5 17. dxc5 Qxf6 18. Nb5 O-O 19. Nxa7 Qe7 20. Nc6 Qxc5 21. Nxb8 Rxb8 22. a4 Nd4 23. a5 Rxb3 24. Qd2 Rb8 25. Qxh6 Ra8 26. a6 Nf5 27. Qc1 Qd6 28. Qa3 Qe5 29. a7 Kg7 30. Rfe1 Qc7 31. Rec1 Qe5 32. Qc3 Nd4 33. Kh1 Qf6 34. f4 Qxf4 35. Rf1 Qh4 36. Rad1 e5 37. Qc7 Qg5 38. Rxf7+ 1-0


[Site "https://www.chess.com"]

[Event "Titled Tuesday Blitz September 27 Early 2022"]
[White "Yang, Ray"]
[Black "Chocenka, Dmitrijus"]
[WhiteFideId "3220281"]
[BlackFideId "12802336"]
[WhiteElo "1796"]
[BlackElo "2194"]
[Result "0-1"]
[Round "06"]
[TimeControl "180+1"]
[Date "2022.09.27"]
[WhiteClock "0:00:15"]
[BlackClock "0:01:38"]

1. d4 Nf6 2. c4 g6 3. g3 Bg7 4. Bg2 O-O 5. Nc3 d6 6. Nf3 Nc6 7. O-O Bf5 8. d5 Na5 9. Nd2 Ne8 10. e4 Bd7 11. Qc2 c6 12. b4 Nxc4 13. Nxc4 cxd5 14. Nxd5 Bxa1 15. Bg5 Bf6 16. Bxf6 Nxf6 17. Nxf6+ exf6 18. Nxd6 Bc6 19. Rd1 Qb6 20. Qc3 Rad8 21. Qxf6 Qxb4 22. e5 Bxg2 23. Kxg2 b5 24. a3 Qb3 25. Rd4 Qe6 26. Qg5 f6 27. exf6 Rxd6 0-1


[Site "https://www.chess.com"]

[Event "Titled Tuesday Blitz September 27 Early 2022"]
[White "Yurovskykh, Oleksandr"]
[Black "Huber, Benedikt"]
[WhiteFideId "14134020"]
[BlackFideId "12923583"]
[WhiteElo "2303"]
[BlackElo "1979"]
[Result "1-0"]
[Round "06"]
[TimeControl "180+1"]
[Date "2022.09.27"]
[WhiteClock "0:00:04"]
[BlackClock "0:00:05"]

1. d4 e6 2. Bf4 b6 3. e3 Bb7 4. Nf3 Nf6 5. Bd3 d6 6. h3 Nbd7 7. Nbd2 Qe7 8. Bh2 g6 9. Qe2 Bg7 10. c3 O-O 11. e4 e5 12. O-O Rfe8 13. dxe5 dxe5 14. a4 a6 15. Rfe1 Nh5 16. Bc4 Nc5 17. Qe3 h6 18. b4 Nd7 19. Bb3 g5 20. Nc4 Nf4 21. Bc2 Nf8 22. Qc1 N8g6 23. Ne3 Qf6 24. Nf5 Bf8 25. Qe3 Ne7 26. g4 Nxf5 27. gxf5 Nxh3+ 28. Kg2 Nf4+ 29. Bxf4 exf4 30. Qd4 Qxd4 31. Nxd4 Rad8 32. b5 a5 33. f3 Bg7 34. Rad1 Rd7 35. Rd3 Red8 36. Red1 h5 37. Kf2 g4 38. Ne2 Rxd3 39. Rxd3 Rxd3 40. Bxd3 Be5 41. Bc4 Kg7 42. Kg2 Bc8 43. Bd5 Bd7 44. c4 Be8 45. Nc1 Kf6 46. Nd3 Bd6 47. Bc6 Bxc6 48. bxc6 Kg5 49. Nf2 Bc5 50. Nd3 Bd4 51. Nc1 h4 52. Ne2 h3+ 53. Kf1 g3 54. Nxd4 Kh4 55. Nb5 g2+ 56. Kf2 Kg5 57. Nxc7 Kf6 58. Nd5+ 1-0


[Site "https://www.chess.com"]

[Event "Titled Tuesday Blitz September 27 Early 2022"]
[White "Zanette, Edgard Vinicius"]
[Black "Sukandar, Irine Kharisma"]
[WhiteFideId "2109263"]
[BlackFideId "7101937"]
[WhiteElo "2182"]
[BlackElo "2284"]
[Result "0-1"]
[Round "06"]
[TimeControl "180+1"]
[Date "2022.09.27"]
[WhiteClock "0:00:12"]
[BlackClock "0:00:08"]

1. e4 e5 2. Nf3 Nc6 3. Bb5 a6 4. Ba4 Nf6 5. d3 b5 6. Bb3 Bc5 7. c3 h6 8. O-O Bb6 9. a4 Bb7 10. d4 Nxe4 11. d5 Na5 12. Bc2 Nf6 13. Nxe5 Bxd5 14. axb5 O-O 15. bxa6 Re8 16. Bf4 d6 17. Ng4 Bc4 18. Nd2 Bxf1 19. Nxf1 Nc4 20. Qd3 Nxg4 21. Qh7+ Kf8 22. Qh8+ Ke7 23. Re1+ Kf6 24. Rxe8 Qxe8 25. Qh7 Bxf2+ 26. Kh1 Qe1 27. Qf5+ Ke7 28. Bd3 Nce5 29. h3 Nxd3 30. Qxd3 Ne5 31. Qb5 c6 32. Qb7+ Kf6 33. Bxe5+ dxe5 34. Qxc6+ Kg5 35. h4+ Kxh4 36. g3+ Kg5 37. Qxa8 Qxf1+ 38. Kh2 Qg1+ 39. Kh3 Qxg3# 0-1


[Site "https://www.chess.com"]

[Event "Titled Tuesday Blitz September 27 Early 2022"]
[White "Zelbel, Patrick"]
[Black "Nakamura, Hikaru"]
[WhiteFideId "24624322"]
[BlackFideId "2016192"]
[WhiteElo "2474"]
[BlackElo "2850"]
[Result "0-1"]
[Round "06"]
[TimeControl "180+1"]
[Date "2022.09.27"]
[WhiteClock "0:00:15"]
[BlackClock "0:01:14"]

1. e4 g6 2. d4 Bg7 3. Nc3 a6 4. Be3 b5 5. g4 Bb7 6. Bg2 d6 7. h4 e6 8. h5 Nf6 9. h6 Bf8 10. g5 Nfd7 11. Nge2 Nb6 12. b3 Be7 13. Qd2 N8d7 14. Ng3 c5 15. a4 b4 16. Nce2 a5 17. O-O c4 18. f4 Qc7 19. Rac1 d5 20. e5 Rc8 21. Kh2 O-O 22. Bh3 Rce8 23. Qe1 Bc8 24. Qf2 Nb8 25. Qg2 Nc6 26. Bg4 Bd8 27. Qf3 Ne7 28. Qg2 Qb8 29. Qh3 Bd7 30. Qg2 Bc7 31. Qf3 Rc8 32. Bh3 Bd8 33. Rg1 Rc6 34. Rgf1 Bc7 35. Rg1 Rc8 36. Kh1 Bd8 37. Nh5 gxh5 38. Ng3 cxb3 39. cxb3 Rxc1 40. Bxc1 h4 41. Nh5 Ng6 42. Nf6+ Bxf6 43. gxf6 Rc3 44. Qg4 Qc8 45. Qxh4 Rxc1 46. Rxc1 Qxc1+ 0-1


[Site "https://www.chess.com"]

[Event "Titled Tuesday Blitz September 27 Early 2022"]
[White "Zhao, Jun"]
[Black "Jovic, Stanoje"]
[WhiteFideId "8602522"]
[BlackFideId "905020"]
[WhiteElo "2547"]
[BlackElo "2238"]
[Result "0-1"]
[Round "06"]
[TimeControl "180+1"]
[Date "2022.09.27"]
[WhiteClock "0:00:31"]
[BlackClock "0:01:15"]

1. e4 c6 2. Nf3 d5 3. Nc3 dxe4 4. Nxe4 Nf6 5. d3 Nxe4 6. dxe4 Qxd1+ 7. Kxd1 Bg4 8. c3 Nd7 9. Kc2 Bxf3 10. gxf3 e5 11. Bh3 Bc5 12. Rd1 Rd8 13. Bg5 f6 14. Be3 Bxe3 15. fxe3 Nb6 16. a4 Ke7 17. b3 Rxd1 18. Rxd1 Rd8 19. Rh1 a5 20. Rg1 g6 21. Bf1 Nd7 22. Bc4 Nc5 23. Ra1 Ne6 24. b4 Ng5 25. Be2 Ra8 26. Kb3 Ne6 27. Bc4 Nf8 28. f4 Nd7 29. Rf1 Rf8 30. Rd1 Ra8 31. Rf1 Rf8 32. h4 Kd6 33. Rd1+ Kc7 34. Be6 Nb8 35. bxa5 Re8 36. f5 Re7 0-1


[Site "https://www.chess.com"]

[Event "Titled Tuesday Blitz September 27 Early 2022"]
[White "Zheenbekov, Nurgazy"]
[Black "Dushyant Sharma"]
[WhiteFideId "13800485"]
[BlackFideId "25065130"]
[WhiteElo "1932"]
[BlackElo "2144"]
[Result "1/2-1/2"]
[Round "06"]
[TimeControl "180+1"]
[Date "2022.09.27"]
[WhiteClock "0:00:02"]
[BlackClock "0:00:04"]

1. e4 d5 2. exd5 Nf6 3. Nf3 Bg4 4. Be2 Qxd5 5. O-O Nc6 6. Nc3 Qd7 7. h3 Bh5 8. d3 O-O-O 9. Be3 e6 10. a3 Nd5 11. Nxd5 exd5 12. b4 d4 13. Bd2 g5 14. Nxg5 Bxe2 15. Qxe2 Rg8 16. Qh5 Be7 17. Nxf7 Rdf8 18. Nh6 Rg6 19. Ng4 Rfg8 20. Rfe1 Bd6 21. Re4 Ne5 22. Rxe5 Bxe5 23. Qxe5 a6 24. Re1 Kb8 25. Bf4 Qc6 26. Bg3 Qxc2 27. Qd5 Qxd3 28. Ne5 Rg5 29. Qxg8+ Rxg8 30. Nxd3 b6 31. Rc1 Rg7 32. Bxc7+ Kb7 33. Bg3 a5 34. bxa5 bxa5 35. Kf1 Ka6 36. Rb1 Re7 37. f4 h5 38. Bf2 Rc7 39. Bxd4 Rc4 40. Nc5+ Ka7 41. Ne6+ Ka8 42. Ke2 h4 43. Kd3 a4 44. Kxc4 1/2-1/2


[Site "https://www.chess.com"]

[Event "Titled Tuesday Blitz September 27 Early 2022"]
[White "Aakanksha Hagawane"]
[Black "Paiva, Henrique M A Albergaria"]
[WhiteFideId "25014510"]
[BlackFideId "1920995"]
[WhiteElo "1971"]
[BlackElo "1975"]
[Result "1-0"]
[Round "07"]
[TimeControl "180+1"]
[Date "2022.09.27"]
[WhiteClock "0:00:32"]
[BlackClock "0:00:13"]

1. d4 d5 2. Nf3 c6 3. e3 Nf6 4. Bd3 e6 5. c3 Bd6 6. O-O O-O 7. Nbd2 Nbd7 8. b3 e5 9. dxe5 Nxe5 10. Nxe5 Bxe5 11. Bb2 Re8 12. h3 h6 13. Nf3 Bc7 14. c4 Be6 15. cxd5 Bxd5 16. Be2 Qe7 17. Qd4 Rad8 18. Qh4 Ne4 19. Qg4 Nf6 20. Qh4 Ne4 21. Qxe7 Rxe7 22. Rfd1 Nf6 23. Rac1 Bb6 24. Nd4 Red7 25. Nf5 Ne8 26. g4 Be4 27. Ng3 Bg6 28. Rxd7 Rxd7 29. Rd1 Rxd1+ 30. Bxd1 Nd6 31. Kf1 f5 32. Ke2 fxg4 33. hxg4 Bf7 34. f4 Nc8 35. Bc2 Ne7 36. Kf3 Nd5 37. Nf5 Be6 38. e4 Bxf5 39. gxf5 Nc7 40. b4 a5 41. Bb3+ Kf8 42. bxa5 Bxa5 43. Ba3+ Ke8 44. e5 Nb5 45. Bc5 b6 46. Be3 c5 47. Ke4 Ke7 48. Kd5 Nc3+ 49. Kc6 Ne2 50. Bc4 Nd4+ 51. Kd5 Nxf5 52. Bf2 Bc3 53. Ke4 Nd4 54. Bh4+ Kd7 55. f5 Nc6 56. e6+ Kd6 57. Bd5 Ne7 58. Bg3+ 1-0


[Site "https://www.chess.com"]

[Event "Titled Tuesday Blitz September 27 Early 2022"]
[White "Agasarov, Benik"]
[Black "Bartel, Michal"]
[WhiteFideId "13314823"]
[BlackFideId "1119257"]
[WhiteElo "2725"]
[BlackElo "2530"]
[Result "1/2-1/2"]
[Round "07"]
[TimeControl "180+1"]
[Date "2022.09.27"]
[WhiteClock "0:00:37"]
[BlackClock "0:00:49"]

1. e4 e5 2. Nf3 Nc6 3. Bc4 Nf6 4. d3 h6 5. c3 g6 6. a4 Bg7 7. b4 d6 8. h3 O-O 9. Nbd2 a6 10. Nf1 d5 11. exd5 Nxd5 12. Qb3 Be6 13. Ne3 Nce7 14. O-O c6 15. a5 Qd7 16. Re1 Rad8 17. Nc2 Qc7 18. d4 exd4 19. Ncxd4 Bc8 20. Bd2 Nf5 21. Rad1 Nxd4 22. Nxd4 Nxb4 23. Ne6 Bxe6 24. cxb4 Bxc4 25. Qxc4 Rd4 26. Qb3 Rfd8 27. Be3 Rxd1 28. Rxd1 Rxd1+ 29. Qxd1 Bf8 30. Qd2 Qd6 31. Bxh6 Qxd2 32. Bxd2 f5 33. g4 Kf7 34. Kg2 Ke6 35. Kf3 fxg4+ 36. Kxg4 Be7 37. h4 Kd5 38. h5 gxh5+ 39. Kxh5 Kc4 40. f4 Kd3 41. Be1 Ke2 42. Bc3 Kd3 43. Be1 Ke2 44. Bc3 Kd3 45. Be1 1/2-1/2


[Site "https://www.chess.com"]

[Event "Titled Tuesday Blitz September 27 Early 2022"]
[White "Ahn, Hongjin"]
[Black "Cruz, Jonathan"]
[WhiteFideId "13201492"]
[BlackFideId "3802124"]
[WhiteElo "1873"]
[BlackElo "2406"]
[Result "0-1"]
[Round "07"]
[TimeControl "180+1"]
[Date "2022.09.27"]
[WhiteClock "0:00:10"]
[BlackClock "0:00:06"]

1. c4 e5 2. Nc3 g6 3. d4 Bg7 4. dxe5 Bxe5 5. Nf3 Bg7 6. h4 h6 7. h5 g5 8. Be3 Nc6 9. Qd2 Nge7 10. O-O-O Nf5 11. g4 Nxe3 12. Qxe3+ Kf8 13. Rg1 d6 14. Nd4 Nxd4 15. Rxd4 Be6 16. Rg3 Be5 17. Rf3 Kg7 18. Qe4 c6 19. Rd1 Qa5 20. Rfd3 Qc5 21. Kb1 Rae8 22. f3 Rhf8 23. Qe3 Qxe3 24. Rxe3 Bf4 25. Re4 Be5 26. c5 Bxc3 27. bxc3 dxc5 28. e3 b6 29. Bd3 Rc8 30. Bc2 Rcd8 31. f4 Rxd1+ 32. Bxd1 Rd8 33. Be2 Bd5 34. Re5 Be6 35. f5 Kf6 36. fxe6 Kxe5 37. exf7 Rf8 38. Bc4 b5 39. Bb3 c4 40. Bc2 Rxf7 41. Bg6 Rf3 42. Kc2 Rxe3 43. Kb2 a5 44. a4 b4 45. cxb4 axb4 46. a5 Ra3 47. a6 Rxa6 0-1


[Site "https://www.chess.com"]

[Event "Titled Tuesday Blitz September 27 Early 2022"]
[White "Aizpurua, Patrick Emilio"]
[Black "Lorenzo De La Riva, Lazaro"]
[WhiteFideId "6600522"]
[BlackFideId "2268809"]
[WhiteElo "2378"]
[BlackElo "2325"]
[Result "1-0"]
[Round "07"]
[TimeControl "180+1"]
[Date "2022.09.27"]
[WhiteClock "0:01:10"]
[BlackClock "0:00:11"]

1. d4 Nf6 2. Nf3 d5 3. c4 e6 4. g3 Be7 5. Bg2 O-O 6. O-O dxc4 7. Qc2 a6 8. a4 Bd7 9. Qxc4 Bc6 10. Bf4 Nbd7 11. Nbd2 Nb6 12. Qc2 Nbd5 13. Bg5 h6 14. Bxf6 Bxf6 15. Ne4 Be7 16. Nc5 a5 17. Rfd1 Nb4 18. Qc3 Bxc5 19. Qxc5 Qd6 20. Qc1 Rad8 21. e3 Rfe8 22. Ne5 Bxg2 23. Kxg2 Qd5+ 24. f3 c6 25. e4 Qd6 26. Nc4 Qe7 27. Nxa5 Qf6 28. Nb3 b6 29. a5 bxa5 30. Rxa5 Ra8 31. Qc4 Rxa5 32. Nxa5 Qe7 33. Rd2 Kh7 34. Nxc6 Nxc6 35. Qxc6 Qb4 36. Qc3 Qxc3 37. bxc3 Rc8 38. Rc2 Kg6 39. Kf2 Kf6 40. Ke3 e5 41. d5 Ke7 42. Kd3 Kd6 43. Ra2 f6 44. Ra6+ Ke7 45. Ra7+ Kd6 46. Rxg7 h5 47. Rf7 h4 48. Rxf6+ Ke7 49. Re6+ Kf7 50. Rxe5 hxg3 51. hxg3 Kf6 52. Rf5+ Kg6 53. c4 Ra8 54. g4 Ra3+ 55. Kd4 Ra1 56. d6 Rd1+ 57. Ke5 Kg7 58. Ke6 Kg6 59. c5 Rd2 60. d7 Rd3 61. Ke7 Ra3 62. d8=Q Ra7+ 63. Qd7 Ra8 64. Qe8+ Rxe8+ 65. Kxe8 Kg7 66. c6 Kg6 67. c7 Kg7 68. c8=Q Kg6 69. Qe6+ Kg7 70. Rf7+ Kh8 71. Qh6+ Kg8 72. Qf8# 1-0


[Site "https://www.chess.com"]

[Event "Titled Tuesday Blitz September 27 Early 2022"]
[White "Aliakbarov, Anar"]
[Black "Ozen, Bahadir"]
[WhiteFideId "13401858"]
[BlackFideId "6337058"]
[WhiteElo "2210"]
[BlackElo "2503"]
[Result "1/2-1/2"]
[Round "07"]
[TimeControl "180+1"]
[Date "2022.09.27"]
[WhiteClock "0:01:32"]
[BlackClock "0:00:28"]

1. d4 g6 2. c4 Bg7 3. Nf3 d6 4. e4 e5 5. Be2 exd4 6. Nxd4 Nc6 7. Nxc6 bxc6 8. O-O Ne7 9. Nc3 O-O 10. Be3 c5 11. f4 Rb8 12. Rb1 f5 13. e5 a6 14. Bf3 Be6 15. Nd5 Bxd5 16. Bxd5+ Kh8 17. b3 Nxd5 18. Qxd5 dxe5 19. fxe5 Qxd5 20. cxd5 Bxe5 21. Bxc5 Rfd8 22. Rfe1 Bg7 23. Rbd1 Rd7 24. Re6 a5 25. Ra6 Bc3 26. Rd3 Bb4 27. Bxb4 axb4 28. Ra7 Rbd8 29. h3 Rxd5 30. Rxd5 Rxd5 31. Rxc7 Rd2 32. Ra7 f4 33. h4 h6 34. Kh2 f3 35. Kg1 Rxg2+ 36. Kf1 g5 37. hxg5 hxg5 38. Ra4 g4 39. Rxb4 Kh7 40. a4 Rb2 41. Rxg4 Rxb3 42. Rg3 Ra3 43. Kf2 Rxa4 1/2-1/2


[Site "https://www.chess.com"]

[Event "Titled Tuesday Blitz September 27 Early 2022"]
[White "Aloma Vidal, Robert"]
[Black "Song, Julien"]
[WhiteFideId "2260409"]
[BlackFideId "659487"]
[WhiteElo "2435"]
[BlackElo "2225"]
[Result "1-0"]
[Round "07"]
[TimeControl "180+1"]
[Date "2022.09.27"]
[WhiteClock "0:01:15"]
[BlackClock "0:00:11"]

1. e4 e6 2. d4 d5 3. e5 c5 4. c3 Nc6 5. Nf3 Qb6 6. a3 c4 7. Nbd2 Na5 8. h4 Bd7 9. h5 h6 10. Be2 Ne7 11. Nh4 Qc7 12. O-O Nc8 13. f4 Be7 14. Qe1 Nb6 15. Bg4 O-O-O 16. f5 Bg5 17. Ndf3 Nb3 18. Nxg5 hxg5 19. Bxg5 Nxa1 20. Qxa1 exf5 21. Nxf5 Bxf5 22. Rxf5 Kb8 23. Bxd8 Rxd8 24. Qf1 Rd7 25. Rg5 f6 26. exf6 gxf6 27. Bxd7 fxg5 28. Qf8+ 1-0


[Site "https://www.chess.com"]

[Event "Titled Tuesday Blitz September 27 Early 2022"]
[White "Andreikin, Dmitry"]
[Black "Rustemov, Alexander"]
[WhiteFideId "4158814"]
[BlackFideId "4119002"]
[WhiteElo "2736"]
[BlackElo "2833"]
[Result "1-0"]
[Round "07"]
[TimeControl "180+1"]
[Date "2022.09.27"]
[WhiteClock "0:00:46"]
[BlackClock "0:00:01"]

1. d4 d5 2. c4 e6 3. Nf3 Be7 4. g3 Nf6 5. Bg2 O-O 6. O-O Nbd7 7. Nc3 c6 8. a4 a5 9. Nd2 b6 10. e4 dxc4 11. Nxc4 Ba6 12. Qb3 h6 13. Rd1 Qb8 14. Bf4 Qa7 15. Rac1 Rfd8 16. h3 Rac8 17. Nd6 Bxd6 18. Bxd6 c5 19. e5 Nh7 20. d5 c4 21. Qa3 Nhf8 22. dxe6 Nxe6 23. Nd5 Kh8 24. Ne7 Ndc5 25. Nxc8 Rxc8 26. f4 Nd3 27. f5 Nec5 28. Qc3 Qd7 29. f6 gxf6 30. Rf1 Rg8 31. Rxf6 Rxg3 32. e6 Rxg2+ 33. Kxg2 Qc6+ 34. Rf3+ Kh7 35. Bxc5 Bb7 36. Qf6 Qxf3+ 37. Qxf3 Bxf3+ 38. Kxf3 fxe6 39. Bxb6 Nxc1 40. Bxa5 Nd3 41. Bc3 Nc5 42. a5 Kg6 43. Ke3 Na6 44. Kd4 Kf5 45. Kxc4 e5 46. b4 e4 47. b5 Nb8 48. a6 Nd7 49. Bd4 Kf4 50. a7 e3 51. a8=Q e2 52. Qh1 1-0


[Site "https://www.chess.com"]

[Event "Titled Tuesday Blitz September 27 Early 2022"]
[White "Antonova, Nadezhda"]
[Black "Luxama, Jacques Muller"]
[WhiteFideId "14700182"]
[BlackFideId "11900113"]
[WhiteElo "1805"]
[BlackElo "1931"]
[Result "1-0"]
[Round "07"]
[TimeControl "180+1"]
[Date "2022.09.27"]
[WhiteClock "0:00:52"]
[BlackClock "0:00:17"]

1. Nf3 Nc6 2. b3 Nf6 3. Bb2 d5 4. d4 Bf5 5. e3 e6 6. Bb5 a6 7. Bxc6+ bxc6 8. O-O Bd6 9. c4 c5 10. dxc5 Bxc5 11. Nbd2 c6 12. cxd5 cxd5 13. Rc1 Bd6 14. Re1 O-O 15. Bxf6 Qxf6 16. e4 Bxe4 17. Nxe4 dxe4 18. Rxe4 Rfd8 19. Rd4 Ba3 20. Rc7 Bb2 21. Rdd7 Rxd7 22. Rxd7 Rc8 23. Ne1 h6 24. Nd3 Ba3 25. g3 Rd8 26. Rxd8+ Qxd8 27. Kg2 Qd5+ 28. Qf3 Qxf3+ 29. Kxf3 f6 30. Ne1 Kf7 31. Nc2 Bc5 32. b4 Bb6 33. a4 Ke7 34. h4 h5 35. Ke2 Kd6 36. f3 Kd5 37. g4 g6 38. gxh5 gxh5 39. Kd3 Bf2 40. a5 Bxh4 41. Ne3+ Kc6 42. Kc4 Bf2 43. Nd1 Bg1 44. Nc3 h4 45. Ne2 h3 46. Ng3 h2 47. Nh1 Bf2 48. Nxf2 1-0


[Site "https://www.chess.com"]